 Dungeon Sprint DCSS version 0.19-a0-1401-g902f63d (webtiles) character file.

46771 poirepourri the Slayer (level 14, -27/104 HPs)
             Began as a Gargoyle Fighter on Sept 4, 2016.
             Was the Champion of Cheibriados.
             Annihilated by a titanic slime creature (79 damage)
             ... in the Dungeon (Sprint V: "Ziggurat Sprint").
             The game lasted 00:07:33 (1720 turns).

poirepourri the Slayer (Gargoyle Fighter)           Turns: 1720, Time: 00:07:34

Health: -27/104    AC: 38    Str: 42    XL:     14   Next: 39%
Magic:  22/22      EV: 14    Int: 25    God:    Cheibriados [******]
Gold:   0          SH: 37    Dex: 33    Spells: 0 memorised, 13 levels left

rFire  . . .     SeeInvis +     a - +6 shillelagh "Devastator" {shatter}
rCold  . . .     Gourm    .     L - +15 Maxwell's patent armour {-Cast -Tele rElec MR+ rCorr}
rNeg   + + .     Faith    .     M - +18 shield of the Gong {rElec rN+ MR+ EV-5}
rPois  ∞         Spirit   .     B - +2 helmet {SInv}
rElec  +         Dismiss  .     (no cloak)
rCorr  +         Reflect  .     (no gloves)
MR     +++..     Harm     .     (no boots)
Stlth  .......... NoTele   +    (no amulet) NoCast +
                                y - +6 ring of dexterity
                                D - +6 ring of strength

@: studying 2 skills, very slow
A: big wings, deformed body, deterioration 1, frail 1, negative energy
resistance 1, screaming 1, electricity resistance, unbreathing, petrification
resistance, rot immunity, MP-powered wands, AC +9
a: Fly, Bend Time, Temporal Distortion, Slouch, Step From Time, Renounce
Religion


You were in the Dungeon.
You worshipped Cheibriados.
Cheibriados was exalted by your worship.
You were full.

You visited 1 branch

Inventory:

Hand Weapons
 a - the +6 shillelagh "Devastator" (weapon) {shatter}
   (You found it in the Dungeon)
 b - a +5 hand crossbow
Missiles
 N - 1000 bolts
Armour
 B - a +2 helmet of see invisible (worn)
 L - the +15 Maxwell's patent armour (worn) {-Cast -Tele rElec MR+ rCorr}
   (You found it in the Dungeon)

   It insulates you from electricity.
   It affects your resistance to hostile enchantments.
   It prevents spellcasting.
   It prevents most forms of teleportation.
   It protects you from acid and corrosion.
 M - the +18 shield of the Gong (worn) {rElec rN+ MR+ EV-5}
   (You found it in the Dungeon)

   It affects your evasion (-5).
   It insulates you from electricity.
   It protects you from negative energy.
   It affects your resistance to hostile enchantments.
 O - a +5 gold dragon armour
Jewellery
 c - the ring of Diliepp {rF+ MR+}
   (You found it in the Dungeon)

   [ring of protection from fire]

   It protects you from fire.
   It affects your resistance to hostile enchantments.
 y - a +6 ring of dexterity (right hand)
 A - a +6 ring of dexterity
 D - a +6 ring of strength (left hand)
 E - a +6 ring of strength
 J - an uncursed ring of flight
 T - an uncursed ring of positive energy
 U - the cursed ring of Zin's Delight {*Corrode +Blink MR+ Int-3 Dex+2}
   (You found it in the Dungeon)

   [ring of intelligence]

   It affects your intelligence (-3).
   It affects your dexterity (+2).
   It affects your resistance to hostile enchantments.
   It lets you blink.
   It may corrode you when you take damage.
   It has a curse placed upon it.
 X - a +1 ring of slaying
Wands
 F - a wand of disintegration (7/24)
 G - a wand of iceblast (5/15)
 H - a wand of lightning (5/15)
 I - a wand of acid (5/15)
Scrolls
 k - 4 scrolls of blinking
 q - 4 scrolls of amnesia
 r - 3 scrolls of recharging
 s - 7 scrolls of fog
 t - a scroll of holy word
 u - 5 scrolls of identify
 v - 5 scrolls of remove curse
 w - 2 scrolls of fear
 V - 3 scrolls of brand weapon
 W - 4 scrolls of enchant weapon
Potions
 d - 7 potions of might
 e - 10 potions of curing
 g - 3 potions of heal wounds
 h - 6 potions of haste
 i - 7 potions of magic
 j - 3 potions of berserk rage
 l - 2 potions of brilliance
 m - 2 potions of invisibility
 n - a potion of resistance
 p - 6 potions of agility
Books
 C - a manual of Charms
 P - a book of Power

   Spells                             Type                      Level
   a - Fulminant Prism                Conjuration/Hexes            4
   b - Iskenderun's Mystic Blast      Conjuration                  4
   c - Venom Bolt                     Conjuration/Poison           5
   d - Bolt of Magma                  Conjuration/Fire/Earth       5
   e - Iron Shot                      Conjuration/Earth            6
   f - Orb of Destruction             Conjuration                  7
   g - Spellforged Servitor           Conjuration/Summoning        7
 Q - a book of Dreams

   Spells                             Type                      Level
   a - Ensorcelled Hibernation        Hexes/Ice                    2
   b - Silence                        Hexes/Air                    5
   c - Darkness                       Hexes                        6
   d - Shadow Creatures               Summoning                    6
 R - a manual of Invocations
 S - a Grand Grimoire

   Spells                             Type                      Level
   a - Monstrous Menagerie            Summoning                    7
   b - Summon Greater Demon           Summoning                    7
   c - Malign Gateway                 Summoning/Translocation      7
   d - Summon Horrible Things         Summoning                    8
 Y - a book of Fire

   Spells                             Type                      Level
   a - Ignite Poison                  Fire/Transmutation/Poison    3
   b - Fireball                       Conjuration/Fire             5
   c - Bolt of Fire                   Conjuration/Fire             6
   d - Delayed Fireball               Conjuration/Fire             7
   e - Ring of Flames                 Charms/Fire                  7
Miscellaneous
 o - 2 boxes of beasts
 K - a disc of storms
Comestibles
 f - 5 bread rations
 x - 41 fruits
 z - 3 meat rations


   Skills:
 + Level 24.3 Fighting
 + Level 19.4 Maces & Flails
 + Level 11.3 Armour
 + Level 9.6 Dodging
 + Level 16.9 Shields
 + Level 11.6 Invocations


You had 13 spell levels left.
You didn't know any spells.

Dungeon Overview and Level Annotations

Branches:
Dungeon (1/1)

Altars:
Ashenzari
Cheibriados
Dithmenos
Elyvilon
Fedhas
Gozag
Hepliaklqana
Kikubaaqudgha
Makhleb
Nemelex Xobeh
Okawaru
Qazlal
Ru
Sif Muna
Trog
Uskayaw
Vehumet
Xom
Yredelemnul
Zin
The Shining One
Beogh
Jiyva
Lugonu


Innate Abilities, Weirdness & Mutations

You are resistant to torment.
Your stone body is resilient. (AC +9)
You are immune to poison.
Your large and strong wings let you fly indefinitely.
You resist negative energy. (rN+)
You are resistant to electric shocks. (rElec)
You can survive without breathing.
You are immune to petrification.
You are immune to rotting.
Armour fits poorly on your strangely shaped body.
Your body sometimes deteriorates upon taking damage.
You are frail. (-10% HP)
You occasionally shout uncontrollably at your foes.
You expend magic power (3 MP) to strengthen your wands.


Message History

You block the death ooze's attack.
GONNNNG!
The death ooze closely misses you.
You sock the titanic slime creature!
There is a shattering impact!
The titanic slime creature is heavily wounded.
The great orb of eyes is moderately wounded.
The shining eye is heavily wounded.
The death ooze is almost destroyed.
The death ooze is severely damaged.
You destroy the death ooze!
Cheibriados thoroughly appreciates the change of pace.
You feel your strength returning.
The titanic slime creature is heavily wounded.
You block the death ooze's attack.
BOUMMMMG!
You block the death ooze's attack.
GONNNNG!
The titanic slime creature hits you!!!!
Ouch! That really hurt!
You die...

▓▓▓▓▓▓▓▓▓▓
▓.....8©8.....▓....8©8..
▓..=:)[)"[)...▓...|.[}|)
▓...}}|:)}|...▓..|):):)[
▓.............▓.........
▓.............▓.........
▓.............▓.....)...
▓.....GJJ.....▓.....)...
▓....JG@J.....▓....)))..
▓..▓..J.G..▓..▓..▓.))).▓
▓ ▓.▓.....▓.▓ ▓.........
▓..▓.......▓..▓.........
▓.............▓▓▓▓▓▓▓▓▓▓
▓.............▓....8©8..
▓▓▓▓▓▓▓▓▓▓▓▓▓▓▓..).[).|)
▓...)[|[:) ▓.........


You could see a great orb of eyes, a titanic slime creature, a slime creature, a
shining eye, an eye of devastation, 2 death oozes and an ooze.

Vanquished Creatures
  2 tentacled monstrosities (D)
  4 Orb Guardians (D)
  A death cob (D)
  A draconian shifter (D)
  4 green draconians (D)
  2 mottled draconians (D)
  A black draconian (D)
  2 purple draconians (D)
  3 white draconians (D)
  5 red draconians (D)
  A death ooze (D)
  2 yellow draconians (D)
  An ice dragon (D)
  A hydra (D)
  A thrashing horror (D)
  A vampire mage (D)
  3 necromancers (D)
  An ugly thing (D)
  A shining eye (D)
  6 toenail golems (D)
  A naga mage (D)
  A smoke demon (D)
  2 black mambas (D)
  An eye of devastation (D)
  2 spiny frogs (D)
  A large abomination (D)
  A rime drake (shapeshifter) (D)
  A komodo dragon (D)
  5 merfolk (D)
  A polar bear (D)
  2 slime creatures (D)
  3 shadows (D)
  A spriggan (D)
  A vampire (D)
  A golden eye (D)
  A hippogriff (D)
  A small abomination (D)
  A soldier ant (shapeshifter) (D)
  A porcupine (D)
  4 water moccasins (D)
  2 eyes of draining (D)
  A black bear (D)
  5 centaurs (D)
  2 wolves (D)
  A crocodile (D)
  A giant frog (D)
  2 earth elementals (D)
  2 wights (D)
  2 crimson imps (D)
  6 starcursed masses (D)
  2 quasits (D)
  3 jellies (D)
  An iguana (D)
  A river rat (D)
  3 adders (D)
  A white imp (D)
  An ooze (D)
  An adder skeleton (D)
  A worm (shapeshifter) (D)
  2 orcs (D)
  2 ball pythons (D)
  A bat zombie (D)
  A jackal (D)
119 creatures vanquished.

Notes
Turn   | Place    | Note
-------+----------+-------------------------------------------
     0 | D        | poirepourri the Gargoyle Fighter began the quest for the Orb.
     0 | D        | Reached XP level 1. HP: 14/14 MP: 1/1
     2 | D        | Found a deep blue altar of Sif Muna.
     2 | D        | Found a bloodstained altar of Trog.
     2 | D        | Found a sacrificial altar of Ru.
     2 | D        | Found a stormy altar of Qazlal.
     2 | D        | Found an iron altar of Okawaru.
     3 | D        | Found a sparkling altar of Nemelex Xobeh.
     3 | D        | Found a blossoming altar of Fedhas.
     5 | D        | Found an ancient bone altar of Kikubaaqudgha.
     5 | D        | Found a viscous altar of Jiyva.
     5 | D        | Found a corrupted altar of Lugonu.
     5 | D        | Found a hazy altar of Hepliaklqana.
     5 | D        | Found a burning altar of Makhleb.
     5 | D        | Found an opulent altar of Gozag.
   176 | D        | Became a worshipper of Cheibriados the Contemplative
   179 | D        | Reached skill level 6 in Fighting
   179 | D        | Reached skill level 5 in Maces & Flails
   179 | D        | Reached XP level 2. HP: 23/23 MP: 2/2
   206 | D        | Entered arena 1.
   208 | D        | Reached * piety under Cheibriados
   215 | D        | Got the ring of Diliepp {rF+ MR+}
   218 | D        | Entered arena 2.
   218 | D        | Noticed a water moccasin
   221 | D        | Killed a water moccasin
   221 | D        | Reached skill level 10 in Fighting
   221 | D        | Reached XP level 3. HP: 31/32 MP: 3/3
   221 | D        | Reached XP level 4. HP: 36/37 MP: 4/4
   221 | D        | Reached ** piety under Cheibriados
   221 | D        | Reached XP level 5. HP: 41/42 MP: 5/5
   261 | D        | Entered arena 3.
   261 | D        | Noticed a merfolk
   261 | D        | Noticed a merfolk
   261 | D        | Noticed a merfolk
   261 | D        | Noticed a merfolk
   269 | D        | Killed a merfolk
   269 | D        | Reached skill level 12 in Fighting
   269 | D        | Reached XP level 6. HP: 23/52 MP: 6/6
   274 | D        | Killed a merfolk
   274 | D        | Reached *** piety under Cheibriados
   274 | D        | Reached skill level 14 in Fighting
   274 | D        | Reached XP level 7. HP: 51/59 MP: 7/7
   279 | D        | Killed a merfolk
   279 | D        | Reached skill level 15 in Fighting
   282 | D        | Killed a merfolk
   282 | D        | Reached **** piety under Cheibriados
   282 | D        | Reached XP level 8. HP: 55/67 MP: 8/8
   309 | D        | Entered arena 4.
   309 | D        | Noticed a purple ugly thing
   309 | D        | Noticed a two-headed ogre
   309 | D        | Noticed a rime drake
   309 | D        | a two-headed ogre changed into a rime drake
   314 | D        | Reached skill level 16 in Fighting
   321 | D        | Killed a purple ugly thing
   321 | D        | Reached ***** piety under Cheibriados
   321 | D        | Reached skill level 17 in Fighting
   321 | D        | Reached skill level 10 in Maces & Flails
   321 | D        | Reached skill level 1 in Dodging
   327 | D        | Killed a rime drake
   327 | D        | Reached XP level 9. HP: 65/75 MP: 9/9
   390 | D        | Entered arena 5.
   397 | D        | Entered arena 6.
   397 | D        | Noticed a naga mage
   400 | D        | Reached ****** piety under Cheibriados
   403 | D        | Killed a naga mage
   403 | D        | Reached skill level 18 in Fighting
   416 | D        | Entered arena 7.
   416 | D        | Noticed a black mamba
   422 | D        | Killed a black mamba
   429 | D        | Reached skill level 19 in Fighting
   463 | D        | Entered arena 8.
   463 | D        | Noticed a merfolk
   463 | D        | Identified a +4 rod of ignition (14/14)
   467 | D        | Reached XP level 10. HP: 79/84 MP: 10/10
   525 | D        | Entered arena 9.
   525 | D        | Noticed a toenail golem
   525 | D        | Noticed a toenail golem
   525 | D        | Noticed a toenail golem
   525 | D        | Noticed a toenail golem
   525 | D        | Noticed a toenail golem
   525 | D        | Noticed a toenail golem
   529 | D        | Killed a toenail golem
   532 | D        | Killed a toenail golem
   532 | D        | Reached skill level 20 in Fighting
   537 | D        | Killed a toenail golem
   539 | D        | Killed a toenail golem
   544 | D        | Killed a toenail golem
   544 | D        | Killed a toenail golem
   554 | D        | Got the ring "Piuluust" {*Corrode rPois EV+1 Slay+3}
   556 | D        | Got the cursed ring of Zin's Delight {*Corrode +Blink MR+ Int-3 Dex+2}
   566 | D        | Got the +7 hand crossbow of the Mosquito {speed, rN+ Dex+2}
   609 | D        | Entered arena 10.
   609 | D        | Noticed a shining eye
   609 | D        | Noticed an eye of devastation
   617 | D        | Gained mutation: You expend magic power (3 MP) to strengthen your wands. [a shining eye]
   618 | D        | Gained mutation: You are frail. (-10% HP) [a shining eye]
   622 | D        | Killed a shining eye
   622 | D        | Reached skill level 21 in Fighting
   622 | D        | Reached skill level 1 in Invocations
   622 | D        | Reached XP level 11. HP: 82/82 MP: 0/11
   846 | D        | Entered arena 11.
   846 | D        | Noticed an eight-headed hydra
   848 | D        | Reached skill level 5 in Dodging
   852 | D        | Killed an eight-headed hydra
   870 | D        | Entered arena 12.
   870 | D        | Noticed a tentacled monstrosity
   871 | D        | Noticed a starcursed mass
   871 | D        | Noticed a thrashing horror
   872 | D        | Killed a thrashing horror
   872 | D        | Reached skill level 15 in Maces & Flails
   872 | D        | Reached skill level 22 in Fighting
   879 | D        | Killed a tentacled monstrosity
   890 | D        | Killed a starcursed mass
   890 | D        | Reached XP level 12. HP: 54/90 MP: 15/15
  1051 | D        | Entered arena 13.
  1055 | D        | Noticed a vampire mage
  1065 | D        | Reached skill level 5 in Invocations
  1071 | D        | Killed a vampire mage
  1071 | D        | Reached skill level 23 in Fighting
  1272 | D        | Entered arena 14.
  1273 | D        | Noticed a white draconian
  1273 | D        | Noticed a yellow draconian
  1273 | D        | Noticed a white draconian
  1273 | D        | Noticed a mottled draconian
  1273 | D        | Noticed a death cob
  1273 | D        | Noticed a green draconian
  1274 | D        | Noticed a yellow draconian
  1274 | D        | Noticed a red draconian
  1274 | D        | Noticed a mottled draconian shifter
  1274 | D        | Noticed a tentacled monstrosity
  1274 | D        | Noticed an ice dragon
  1274 | D        | Noticed a green draconian
  1275 | D        | Noticed a purple draconian
  1277 | D        | Killed a white draconian
  1284 | D        | Killed a green draconian
  1286 | D        | Killed a yellow draconian
  1286 | D        | Reached skill level 5 in Shields
  1286 | D        | Killed a death cob
  1286 | D        | Reached skill level 5 in Armour
  1286 | D        | Killed a purple draconian
  1289 | D        | Killed a yellow draconian
  1294 | D        | Killed a mottled draconian
  1294 | D        | Reached XP level 13. HP: 40/97 MP: 17/17
  1296 | D        | Killed a red draconian
  1296 | D        | Killed a green draconian
  1297 | D        | Killed an ice dragon
  1297 | D        | Reached skill level 10 in Shields
  1301 | D        | Killed a tentacled monstrosity
  1301 | D        | Killed a white draconian
  1309 | D        | Killed a mottled draconian shifter
  1526 | D        | Entered arena 15.
  1527 | D        | Noticed a red draconian
  1527 | D        | Noticed a purple draconian
  1527 | D        | Noticed an Orb Guardian
  1527 | D        | Noticed an Orb Guardian
  1527 | D        | Noticed a red draconian
  1527 | D        | Noticed a black draconian
  1527 | D        | Noticed a white draconian
  1528 | D        | Noticed a green draconian
  1528 | D        | Noticed an Orb Guardian
  1528 | D        | Noticed an Orb Guardian
  1528 | D        | Noticed a mottled draconian
  1528 | D        | Noticed a red draconian
  1528 | D        | Noticed a green draconian
  1530 | D        | Noticed a red draconian
  1530 | D        | Killed an Orb Guardian
  1530 | D        | Killed an Orb Guardian
  1530 | D        | Reached skill level 24 in Fighting
  1530 | D        | Killed an Orb Guardian
  1530 | D        | Killed an Orb Guardian
  1530 | D        | Reached skill level 10 in Armour
  1535 | D        | Killed a purple draconian
  1535 | D        | Gained mutation: Your large and strong wings let you fly indefinitely. [Gargoyle growth]
  1535 | D        | Reached XP level 14. HP: 77/104 MP: 3/20
  1537 | D        | Killed a red draconian
  1537 | D        | Killed a mottled draconian
  1537 | D        | Reached skill level 15 in Shields
  1541 | D        | Killed a red draconian
  1544 | D        | Killed a white draconian
  1544 | D        | Reached skill level 10 in Invocations
  1544 | D        | Killed a green draconian
  1550 | D        | Killed a black draconian
  1560 | D        | Killed a green draconian
  1560 | D        | Killed a red draconian
  1564 | D        | Killed a red draconian
  1702 | D        | Entered arena 16.
  1710 | D        | Gained mutation: Armour fits poorly on your strangely shaped body. [a shining eye]
  1712 | D        | Gained mutation: Your body sometimes deteriorates upon taking damage. [a shining eye]
  1719 | D        | Gained mutation: You occasionally shout uncontrollably at your foes. [a shining eye]
  1720 | D        | Annihilated by a titanic slime creature

Vault maps used:
D:        sprint_v

Skill      XL: |  1  2  3  4  5  6  7  8  9 10 11 12 13 14 |
---------------+-------------------------------------------+-----
Fighting       | 6 10 12 14 15 17 19 21 22 23 24 | 24.3
Maces & Flails | 5 6 7 8 9 10 12 13 16 17 19 | 19.4
Dodging        | 1 3 4 6 8 9 |  9.6
Invocations    | 1 4 5 9 11 | 11.6
Shields        | 8 14 16 | 16.9
Armour         | 6 10 11 | 11.3

Action                   |  1- 3 |  4- 6 |  7- 9 | 10-12 | 13-15 || total
-------------------------+-------+-------+-------+-------+-------++-------
Melee: Shillelagh        |     3 |     8 |    32 |   107 |    49 ||   199
Invok: Slouch            |       |       |       |     1 |     3 ||     4
  Use: Potion            |     1 |     2 |       |     8 |       ||    11
  Eat: Meat ration       |       |       |       |       |     1 ||     1
       Fruit             |       |       |       |       |     1 ||     1
Armor: Plate armour      |     2 |    16 |    28 |   142 |    34 ||   222
Dodge: Dodged            |       |       |    14 |    54 |    26 ||    94
Block: Shield            |     7 |    27 |   113 |   278 |   133 ||   558
